 Dungeon Crawl Stone Soup version 0.30-a0-358-g0d69a1922f (webtiles) character file.

Game seed: 8302682673243155276

125 Asagix the Trooper (level 4, -6/37 HPs)
             Began as a Demonspawn Berserker on Nov 10, 2022.
             Was a Believer of Trog.
             Mangled by a yak (10 damage)
             ... on level 4 of the Dungeon.
             The game lasted 00:05:16 (2761 turns).

Asagix the Trooper (Demonspawn Berserker)           Turns: 2761, Time: 00:05:17

Health: -6/37      AC:  7    Str: 22    XL:     4   Next: 82%
Magic:  13/13      EV: 11    Int:  8    God:    Trog [**....]
Gold:   64         SH:  0    Dex: 16    Spells: 3/3 levels left

rFire   . . .      SeeInvis .    r - +7 dagger of Tuffata {flame, Str+2 Dex+4}
rCold   . . .      Faith    .    (no shield)
rNeg    . . .      Spirit   .    e - +0 scale mail
rPois   +          Reflect  .    (no helmet)
rElec   .          Harm     .    q - +0 cloak
rCorr   .          Rampage  .    (no gloves)
Will    .....                    (no boots)
Stlth   ..........               (no amulet)
HPRegen 0.26/turn                b - ring of poison resistance
MPRegen 0.13/turn                n - ring of magical power

@: no status effects
A: powered by pain 1
a: Renounce Religion, Berserk, Trog's Hand


You were on level 4 of the Dungeon.
You worshipped Trog.
Trog was pleased with you.
You visited 1 branch of the dungeon, and saw 4 of its levels.

You collected 64 gold pieces.

Inventory:

Hand Weapons
 f - a +0 short sword
 r - the +7 dagger of Tuffata (weapon) {flame, Str+2 Dex+4}
   (You found it on level 4 of the Dungeon)

   It burns those it strikes, dealing additional fire damage.
   Str:       It affects your strength (+2).
   Dex:       It affects your dexterity (+4).
Armour
 a - a +0 animal skin
 e - a +0 scale mail (worn)
 q - a +0 cloak (worn)
Jewellery
 b - a ring of poison resistance (left hand)
 n - a ring of magical power (right hand)
 o - a ring of flight
Wands
 m - a wand of flame (17)
Scrolls
 h - a scroll of brand weapon {unknown}
 j - a scroll of blinking {unknown}
 k - 2 scrolls of identify {unknown}
 p - a scroll of fear {unknown}
Potions
 c - a potion of heal wounds {unknown}
 d - a potion of cancellation {unknown}
 g - a potion of lignification {unknown}
 i - a potion of curing {unknown}
 l - a potion of flight {unknown}


   Skills:
 + Level 3.7 Fighting
 + Level 1.8 Short Blades
 + Level 2.1 Armour
 + Level 2.3 Dodging
 + Level 0.3 Stealth
 + Level 3.5 Unarmed Combat


You had 3 spell levels left.
You didn't know any spells.
Your spell library contained the following spells:

 Spells                   Type           Power      Damage    Failure   Level
 Inner Flame              Hex/Fire       0%         N/A       98%         3
 Flame Wave               Conj/Fire      0%         2d4       100%        4
 Sticky Flame             Conj/Fire      0%         2d3       100%        4
 Summon Forest            Summ/Tloc      0%         N/A       100%        5
 Eringya's Noxious Bog    Tmut/Pois      0%         N/A       100%        6
 Summon Hydra             Summ           0%         N/A       100%        7


Dungeon Overview and Level Annotations

Branches:
Dungeon (4/15)
 Temple: D:4-7

Altars:
Okawaru

Shops:
D:2 [


Innate Abilities, Weirdness & Mutations

You sometimes gain a little power by taking damage.


Message History

The yak moves out of view.
A yak comes into view.
Found a stone staircase leading down.
The yak bellows! x2; The orc wizard shouts!
The orc shouts!
You hear a shout!
An orc priest comes into view. It is wielding a +0 hand axe.
A yak comes into view.
You hear a bellow!
The yak bellows!
A yak comes into view.
The orc wizard casts a spell at you. The puff of flame hits you.
The yak attacks as you move away! The yak gores you. The yak gores you.
There is a stone staircase leading up here.
You hit the yak. You burn the yak.
The yak is lightly wounded.
The yak gores you but does no damage.
You hit the yak. You burn the yak.
The yak is moderately wounded.
The orc barely misses you.
You hit the yak but do no damage.
A giant cockroach comes into view.
You hit the yak. You burn the yak.
The yak is lightly wounded.
The orc hits you with a +0 short sword.
The yak gores you but does no damage. x2
You hit the yak. You burn the yak.
The yak is lightly wounded.
The yak gores you but does no damage. The orc barely misses you.
The yak gores you! The yak gores you.
You hit the yak. You burn the yak.
The yak is moderately wounded.
You hit the yak. You burn the yak. You punch the yak.
The yak is heavily wounded.
The yak gores you but does no damage. x3
You barely miss the yak.
The yak is heavily wounded.
The yak gores you!
* * * LOW HITPOINT WARNING * * *
The yak gores you!
You die...

....#####......#
..............##
#<............#
#.............#
#.............#
#####........####.##
.>.Y.Y....oo........
......#.#B#Y#.......
......o.#.YY@.......
#....o####.YY.......
...... #...........
....o #......#####
..... #......# ...
.........
##.##.##### #. #.#


You could see 5 yaks, an orc priest, an orc and a giant cockroach.

Vanquished Creatures
  A hound (D:3)
  Ijyb (D:3)
  A worm (D:3)
  2 orcs (D:3)
  8 ball pythons
  8 endoplasms
  3 giant cockroaches
  4 goblins
  6 hobgoblins
  3 jackals (D:1)
  7 kobolds
  3 quokkas
  12 bats
  2 frilled lizards
  3 rats
64 creatures vanquished.

Notes
Turn   | Place    | Note
-------+----------+-------------------------------------------
     0 | D:1      | Asagix the Demonspawn Berserker began the quest for the
                  | Orb.
     0 | D:1      | Reached XP level 1. HP: 18/18 MP: 1/1
   106 | D:1      | Found a faded altar of an unknown god.
   335 | D:1      | Gained mutation: You sometimes gain a little power by
                  | taking damage. [demonic ancestry]
   335 | D:1      | Reached XP level 2. HP: 24/24 MP: 2/2
   917 | D:2      | Reached ** piety under Trog
   995 | D:2      | Reached XP level 3. HP: 29/29 MP: 3/3
  1063 | D:2      | Found Ocvitza's Armour Emporium.
  1621 | D:3      | Found an iron altar of Okawaru.
  1791 | D:3      | Reached XP level 4. HP: 30/37 MP: 4/4
  2128 | D:3      | Reached skill level 1 in Short Blades
  2202 | D:3      | Noticed Ijyb
  2220 | D:3      | Paralysed by Ijyb for 5 turns
  2236 | D:3      | Paralysed by Ijyb for 4 turns
  2260 | D:3      | Killed Ijyb
  2738 | D:4      | Identified the +7 dagger of Tuffata {flame, Str+2 Dex+4}
  2744 | D:4      | Noticed a yak
  2744 | D:4      | Noticed a yak
  2745 | D:4      | Noticed a yak
  2745 | D:4      | Noticed a yak
  2746 | D:4      | Noticed a yak
  2761 | D:4      | Mangled by a yak

Illustrated notes

Levels and vault maps discovered:
D:1:      ncdulo_wetmaze, layout_basic, ebering_ecumenical_altar_rust
D:2:      layout_loops_ring, serial_shops, nicolae_shop_hallway_stairs
D:3:      layout_loops_ring, mainiacjoe_overflow_boulevard, uniq_ijyb
D:4:      layout_basic, mainiacjoe_overflow_alcove_3

Skill      XL: |  1  2  3  4 |
---------------+-------------+-----
Unarmed Combat | 3 |  3.5
Dodging        | 2 |  2.3
Armour         | 2 |  2.1
Short Blades   | 1 |  1.8
Fighting       | |  3.7
Stealth        | |  0.3

Action                   |  1- 3 |  4- 6 || total
-------------------------+-------+-------++-------
Melee: Unarmed           |    75 |       ||    75
       Punch             |     7 |     5 ||    12
       Short sword       |    70 |   145 ||   215
       Dagger            |       |     8 ||     8
  Use: Scroll            |     2 |       ||     2
Armor: Animal skin       |    15 |       ||    15
       Scale mail        |    45 |    58 ||   103
Dodge: Dodged            |   108 |    59 ||   167

Table legend: (Time is in decaauts)
 A = Elapsed time spent in this place.
 B = Non-inter-level travel time spent in this place.
 C = Inter-level travel time spent in this place.
 D = Time resting spent in this place.
 E = Time spent auto-exploring this place.
 F = Levels seen in this place.
 G = Mean time per level.
                   A        B        C        D        E       F      G
               +--------+--------+--------+--------+--------+-----+--------+
         Total |   2757 |   2664 |     93 |    215 |   1807 |   4 |  689.2 |
       Dungeon |   2757 |   2664 |     93 |    215 |   1807 |   4 |  689.2 |
               +--------+--------+--------+--------+--------+-----+--------+

Top non-repeatable levels by time:
     D:3: 1139 daAuts
     D:1: 907 daAuts
     D:2: 685 daAuts
     D:4: 24 daAuts
